 Dungeon Sprint DCSS version 0.23-a0-860-g8ff03fb (webtiles) character file.

326750 gruber the Chief of Staff (level 19, -21/207 HPs)
             Began as a Minotaur Gladiator on Jan 27, 2019.
             Was the Champion of Makhleb.
             Killed from afar by an orb of fire (58 damage)
             ... with a fireball
             ... in the Dungeon (Sprint IX: "|||||||||||||||||||||||||||||").
             The game lasted 00:32:19 (8855 turns).

gruber the Chief of Staff (Minotaur Gladiator)      Turns: 8855, Time: 00:32:20

Health: -21/207    AC:  0    Str: 26    XL:     19   Next: 41%
Magic:  35/35      EV: 50    Int:  5    God:    Makhleb [******]
Gold:   1941       SH:  0    Dex: 23    Spells: 18/18 levels left

rFire    . . .     SeeInvis .   (weapon currently unavailable)
rCold    . . .     Gourm    .   (shield currently unavailable)
rNeg     . . .     Faith    .   (armour currently unavailable)
rPois    .         Spirit   .   (helmet currently unavailable)
rElec    .         Reflect  .   (cloak currently unavailable)
rCorr    .         Harm     .   (gloves currently unavailable)
MR       +....     NoTele   +   (boots currently unavailable)
Stlth    ++++++++++             r - amulet of Acegha {Regen+ Slay+3}
HPRegen  0.84/turn              (ring currently unavailable)
MPRegen  0.24/turn              (ring currently unavailable)

@: agile, bat-form, flying, hasted, very quick
A: tiny, (retaliatory headbutt)
}: 5/17 runes: decaying, serpentine, barnacled, silver, gossamer
a: Minor Destruction, Lesser Servant of Makhleb, Major Destruction, Greater
Servant of Makhleb, Renounce Religion


You were in the Dungeon.
You worshipped Makhleb.
Makhleb was exalted by your worship.
You were near starving.
You were in bat-form.
You visited 1 branch You collected 1941 gold pieces.

Inventory:

Hand Weapons
 j - the +5 demon whip "Spellbinder" {antimagic, MR+}
   (You found it in the Dungeon)

   It reduces the magical energy of the wielder, and disrupts the spells and
   magical abilities of those hit.
   Natural abilities and divine invocations are not affected.
   It affects your resistance to hostile enchantments.
 D - a +9 vampiric lajatang (melded)
Missiles
 d - 3 throwing nets (quivered)
Armour
 a - a +2 pair of gloves of dexterity (melded)
 b - the +0 hat of Hedging (melded) {rC+ Int+6 Dex+4}
   (You found it in the Dungeon)

   It affects your intelligence (+6).
   It affects your dexterity (+4).
   It protects you from cold.
 o - a scarf of resistance (melded)
 z - the +0 pair of boots of Ywneiw (melded) {rPois SInv}
   (Okawaru gifted it to you in the Dungeon)

   It protects you from poison.
   It lets you see invisible.
 F - the +9 chain mail "Keteh" (melded) {Str+3 Dex+2}
   (You found it in the Dungeon)

   It affects your strength (+3).
   It affects your dexterity (+2).
Jewellery
 q - the ring "Vomuqat" (melded) {rF+ Dex+2 SInv}
   (You found it in the Dungeon)

   [ring of see invisible]

   It affects your dexterity (+2).
   It protects you from fire.
   It lets you see invisible.
 r - the amulet of Acegha (around neck) {Regen+ Slay+3}
   (You found it in the Dungeon)

   [amulet of regeneration]

   It affects your accuracy and damage with ranged weapons and melee attacks
   (+3).
   It increases your rate of regeneration.
 s - the ring of Gozag's Reproof (melded) {+Blink rC+ Int+3 SInv}
   (You found it in the Dungeon)

   [ring of see invisible]

   It affects your intelligence (+3).
   It protects you from cold.
   It lets you see invisible.
   It lets you blink.
Wands
 n - a wand of iceblast (6)
 J - a wand of acid (7)
Scrolls
 k - 5 scrolls of blinking
 l - 6 scrolls of remove curse
 m - 3 scrolls of amnesia
 p - a scroll of identify
 w - 3 scrolls of fog
 x - 5 scrolls of enchant armour
 y - 3 scrolls of fear
 K - 4 scrolls of enchant weapon
Potions
 c - 2 potions of might
 e - 8 potions of curing
 g - 17 potions of heal wounds
 h - 7 potions of haste
 i - 4 potions of magic
 H - a potion of berserk rage
 I - 2 potions of agility
Miscellaneous
 u - a fan of gales
Comestibles
 f - 5 rations


   Skills:
 O Level 27 Fighting
 + Level 23.4(27) Maces & Flails
 O Level 27 Staves
 - Level 2.0 Throwing
 O Level 27 Armour
 O Level 27 Dodging
 O Level 27 Stealth
 O Level 27 Invocations


You had 18 spell levels left.
You didn't know any spells.
Your spell library was empty.

Dungeon Overview and Level Annotations

Branches:
Dungeon (1/1)

Altars:
Cheibriados
Dithmenos
Elyvilon
Fedhas
Gozag
Hepliaklqana
Kikubaaqudgha
Makhleb
Nemelex Xobeh
Okawaru
Qazlal
Ru
Sif Muna
Trog
Uskayaw
Vehumet
Wu Jian
Xom
Yredelemnul
Zin
The Shining One
Beogh
Jiyva
Lugonu

Shops:
D (!%!


Innate Abilities, Weirdness & Mutations

((You reflexively headbutt those who attack you in melee.))
((You have a pair of horns on your head.))


Message History

You closely miss the orb of fire.
An electric golem comes into view.
The Killer Klown teases you with a +9 club of holy wrath!!
* * * LOW HITPOINT WARNING * * *
You hit the orb of fire but do no damage.
You bite the Killer Klown!
The Killer Klown is moderately wounded.
The Killer Klown wrestles you with a +9 club of holy wrath!!
* * * LOW HITPOINT WARNING * * *
Okay, then.
You feel agile all of a sudden. The Killer Klown completely misses you.
The electric golem blinks! x2
Unknown command.
Unknown command.
You hit the Killer Klown.
The Killer Klown is moderately wounded.
The orb of fire glows deep purple.
The fireball explodes!
The fireball engulfs the orb of fire.
The orb of fire completely resists.
The fireball engulfs you!!!
You die...

.▓.▓.▓.▓)▓)▓)▓.▓.▓
.▓.▓.▓.▓.▓)▓.▓.▓.▓
.▓.▓)▓.▓.▓.▓)▓.▓.▓
.▓.▓)▓.▓.▓.▓)▓.▓'▓
.▓.▓.▓.▓[▓.▓.▓.▓8▓
.▓.▓.▓.▓[▓.▓.▓.▓'▓
.▓.▓.▓.▓[▓.▓.▓.▓§▓
.▓.▓.▓.▓[▓.▓)▓.▓p▓
.▓.▓.▓.▓[▓.▓'▓.▓b▓
)▓.▓.▓.▓[▓.▓)▓.▓*▓
.▓.▓'▓.▓[▓.▓)▓.▓*▓
.▓.▓)▓.▓.▓.▓)▓.▓*▓
.▓.▓[▓.▓.▓.▓.▓.▓X▓
.▓.▓)▓.▓.▓)▓.▓.▓X▓
.▓.▓[▓.▓.▓.▓.▓.▓d▓
.▓.▓)▓.▓.▓.▓)▓.▓8▓
.▓.▓|▓.▓.▓.▓.▓.▓.▓


You could see 3 orbs of fire, a Killer Klown, 2 electric golems, a black
draconian and 2 Orb Guardians.

Vanquished Creatures
  2 orbs of fire (D)
  An ancient lich (D)
  Mennas (D)
  A juggernaut (D)
  Mara (D)
  Boris (D)
  Sojobo (D)
  Frederick (D)
  Saint Roka (D)
  A caustic shrike (D)
  2 golden dragons (D)
  Xtahua (D)
  A bone dragon (D)
  An electric golem (D)
  A lich (D)
  3 tentacled monstrosities (D)
  14 Orb Guardians (D)
  A titan (D)
  A quicksilver dragon (D)
  2 death cobs (D)
  5 storm dragons (D)
  A sphinx (D)
  Agnes (D)
  Donald (D)
  4 tengu reavers (D)
  Frances (D)
  7 shadow dragons (D)
  7 nagarajas (D)
  Ilsuiw (D)
  A vault warden (D)
  2 frost giants (D)
  2 draconian shifters (D)
  2 ghost moths (D)
  3 stone giants (D)
  A draconian scorcher (D)
  6 emperor scorpions (D)
  Louise (D)
  A draconian stormcaller (D)
  2 draconian annihilators (D)
  A very ugly thing (D)
  3 ironheart preservers (D)
  An entropy weaver (D)
  2 green draconians (D)
  5 black draconians (D)
  2 dire elephants (D)
  3 yellow draconians (D)
  3 white draconians (D)
  3 purple draconians (D)
  3 red draconians (D)
  2 spark wasps (D)
  3 ettins (D)
  2 merfolk impalers (D)
  7 merfolk javelineers (D)
  6 fire dragons (D)
  8 hydras (D)
  A great orb of eyes (D)
  2 yaktaur captains (D)
  2 ice dragons (D)
  25 vault guards (D)
  2 spriggan air magi (D)
  A rakshasa (D)
  2 naga warriors (D)
  An anaconda (D)
  A ghost crab (D)
  A merfolk avatar (D)
  A catoblepas (D)
  2 ogre magi (D)
  6 merfolk aquamancers (D)
  4 tengu warriors (D)
  7 centaur warriors (D)
  2 deep troll shamans (D)
  A vampire mage (D)
  2 naga sharpshooters (D)
  2 deep troll earth magi (D)
  A hell knight (D)
  A sea snake (D)
  A spriggan druid (D)
  A wizard (D)
  3 swamp dragons (D)
  2 deep elf archers (D)
  A glowing orange brain (D)
  A naga ritualist (D)
  14 orc knights (D)
  2 harpies (D)
  4 necromancers (D)
  An ironbrand convoker (D)
  2 deep elf magi (D)
  An ugly thing (D)
  3 wolf spiders (D)
  6 elephants (D)
  2 orc sorcerers (D)
  A salamander (shapeshifter) (D)
  6 moths of wrath (D)
  2 cyclopes (D)
  A manticore (D)
  A merfolk siren (D)
  2 naga magi (D)
  3 guardian serpents (D)
  4 black mambas (D)
  2 vault sentinels (D)
  Psyche (D)
  7 spiny frogs (D)
  2 yaktaurs (D)
  A rime drake (shapeshifter) (D)
  2 demonic crawlers (D)
  3 freezing wraiths (D)
  A jumping spider (shapeshifter) (D)
  A tyrant leech (D)
  A blink frog (D)
  3 jumping spiders (D)
  2 merfolk (D)
  5 slime creatures (D)
  A hornet (D)
  2 snapping turtles (D)
  A bog body (D)
  2 hippogriffs (D)
  2 redbacks (D)
  A tarantella (shapeshifter) (D)
  A shadow (D)
  A basilisk (D)
  A yak (D)
  3 tarantellas (D)
  A vampire mosquito (D)
  4 nagas (D)
  A floating eye (D)
  15 orc warriors (D)
  3 porcupines (D)
  2 swamp drakes (D)
  A sky beast (D)
  A necrophage (D)
  2 ogres (D)
  A wolf (D)
  2 crocodiles (D)
  2 bullfrogs (D)
  A scorpion (D)
  A killer bee (D)
  A jelly (D)
  3 orc priests (D)
  2 orc wizards (D)
  A worker ant (D)
  A dart slug (D)
  14 orcs (D)
  A goblin (D)
  A hobgoblin (D)
  A ball python zombie (D)
  A frilled lizard (D)
  A rat (D)
382 creatures vanquished.

Vanquished Creatures (others)
  A hydra (D)
  A salamander (D)
2 creatures vanquished.

Grand Total: 384 creatures vanquished

Notes
Turn   | Place    | Note
-------+----------+-------------------------------------------
     0 | D        | gruber the Minotaur Gladiator began the quest for the Orb.
     0 | D        | Reached XP level 1. HP: 18/18 MP: 0/0
     6 | D        | Reached skill level 1 in Armour
    20 | D        | Noticed an ogre
    20 | D        | Noticed a scorpion
    20 | D        | Noticed an ogre
    20 | D        | Noticed a necrophage
    20 | D        | Noticed a jelly
    24 | D        | Killed an ogre
    24 | D        | Reached skill level 5 in Dodging
    24 | D        | Reached XP level 2. HP: 27/27 MP: 1/1
    24 | D        | Reached XP level 3. HP: 33/33 MP: 2/2
    24 | D        | Reached XP level 4. HP: 40/40 MP: 3/3
    26 | D        | Reached XP level 5. HP: 46/46 MP: 4/4
    29 | D        | Killed an ogre
    29 | D        | Reached skill level 5 in Armour
    34 | D        | Killed a necrophage
    34 | D        | Reached skill level 5 in Fighting
    34 | D        | Reached XP level 6. HP: 56/56 MP: 5/5
    68 | D        | Found a roughly hewn altar of Beogh.
    68 | D        | Found a snail-covered altar of Cheibriados.
    68 | D        | Found a shadowy altar of Dithmenos.
    68 | D        | Found a white marble altar of Elyvilon.
    68 | D        | Found a blossoming altar of Fedhas.
    68 | D        | Found an opulent altar of Gozag.
    69 | D        | Found a hazy altar of Hepliaklqana.
    70 | D        | Found a viscous altar of Jiyva.
    71 | D        | Found an ancient bone altar of Kikubaaqudgha.
    72 | D        | Found a corrupted altar of Lugonu.
    73 | D        | Found a burning altar of Makhleb.
    74 | D        | Found a sparkling altar of Nemelex Xobeh.
    75 | D        | Found an iron altar of Okawaru.
    76 | D        | Found a stormy altar of Qazlal.
    77 | D        | Found a sacrificial altar of Ru.
    78 | D        | Found a deep blue altar of Sif Muna.
    79 | D        | Found a bloodstained altar of Trog.
    80 | D        | Found a hide-covered altar of Uskayaw.
    81 | D        | Found a radiant altar of Vehumet.
    82 | D        | Found an ornate altar of the Wu Jian Council.
    83 | D        | Found a shimmering altar of Xom.
    84 | D        | Found a basalt altar of Yredelemnul.
    85 | D        | Found a glowing silver altar of Zin.
    86 | D        | Found a glowing golden altar of the Shining One.
   160 | D        | Became a worshipper of Warmaster Okawaru
   182 | D        | Noticed a sky beast
   182 | D        | Noticed a yak
   191 | D        | Killed a sky beast
   198 | D        | Killed a yak
   198 | D        | Reached * piety under Okawaru
   198 | D        | Reached XP level 7. HP: 43/64 MP: 6/6
   313 | D        | Noticed a hippogriff
   313 | D        | Noticed a centaur warrior
   313 | D        | Noticed a centaur warrior
   313 | D        | Noticed a centaur warrior
   313 | D        | Noticed a centaur warrior
   318 | D        | Killed a hippogriff
   322 | D        | Killed a centaur warrior
   322 | D        | Reached ** piety under Okawaru
   322 | D        | Reached XP level 8. HP: 62/78 MP: 4/7
   328 | D        | Killed a centaur warrior
   328 | D        | Reached *** piety under Okawaru
   328 | D        | Reached skill level 10 in Fighting
   328 | D        | Reached XP level 9. HP: 62/86 MP: 4/8
   337 | D        | Killed a centaur warrior
   337 | D        | Reached skill level 10 in Armour
   343 | D        | Killed a centaur warrior
   343 | D        | Reached **** piety under Okawaru
   565 | D        | Noticed a spiny frog
   565 | D        | Noticed a spiny frog
   570 | D        | Killed a spiny frog
   570 | D        | Reached skill level 10 in Dodging
   570 | D        | Reached skill level 1 in Invocations
   571 | D        | Noticed a spiny frog
   573 | D        | Reached XP level 10. HP: 99/99 MP: 6/9
   576 | D        | Killed a spiny frog
   584 | D        | Noticed a spiny frog
   604 | D        | Killed a spiny frog
   607 | D        | Killed a spiny frog
   607 | D        | Reached ***** piety under Okawaru
   632 | D        | Noticed a black mamba
   632 | D        | Noticed a spiny frog
   632 | D        | Noticed a spiny frog
   637 | D        | Killed a black mamba
   639 | D        | Noticed a spiny frog
   648 | D        | Killed a spiny frog
   655 | D        | Killed a spiny frog
   662 | D        | Killed a spiny frog
   662 | D        | Reached skill level 15 in Fighting
   685 | D        | Noticed an elephant
   685 | D        | Noticed an elephant
   685 | D        | Noticed an elephant
   685 | D        | Noticed an elephant
   685 | D        | Noticed an elephant
   685 | D        | Noticed a dire elephant
   694 | D        | Killed an elephant
   694 | D        | Noticed a dire elephant
   702 | D        | Killed an elephant
   721 | D        | Killed a dire elephant
   721 | D        | Received a gift from Okawaru
   721 | D        | Reached XP level 11. HP: 89/116 MP: 4/11
   758 | D        | Killed a dire elephant
   795 | D        | Got a pair of smoking boots {god gift}
   987 | D        | Identified the +0 pair of boots of Ywneiw {rPois SInv}
                  | (Okawaru gifted it to you in the Dungeon)
  1116 | D        | Noticed an orc sorcerer
  1126 | D        | Killed an orc sorcerer
  1201 | D        | Noticed an orc knight
  1203 | D        | Noticed an orc sorcerer
  1207 | D        | Noticed an orc knight
  1225 | D        | Killed an orc knight
  1227 | D        | Killed an orc sorcerer
  1235 | D        | Killed an orc knight
  1450 | D        | Found Paoxod's Antique Weapon Emporium.
  1450 | D        | Noticed an orc knight
  1450 | D        | Noticed an orc knight
  1450 | D        | Noticed an orc knight
  1450 | D        | Noticed an orc knight
  1451 | D        | Noticed an orc knight
  1465 | D        | Killed an orc knight
  1471 | D        | Killed an orc knight
  1472 | D        | Found Ulef's Distillery.
  1481 | D        | Killed an orc knight
  1485 | D        | Noticed an orc knight
  1488 | D        | Killed an orc knight
  1488 | D        | Received a gift from Okawaru
  1488 | D        | Reached skill level 5 in Invocations
  1499 | D        | Killed an orc knight
  1499 | D        | Reached XP level 12. HP: 61/134 MP: 7/14
  1502 | D        | Found Soraitz's Food Emporium.
  1506 | D        | Found Operu's Distillery.
  1538 | D        | Reached skill level 15 in Armour
  1881 | D        | Noticed Psyche
  1885 | D        | Killed Psyche
  1940 | D        | Found the +5 demon whip "Spellbinder" {antimagic, MR+}
  1958 | D        | Got the +9 chain mail "Keteh" {Str+3 Dex+2}
  1966 | D        | Got the +6 plate armour of Tempters {Regen+ Int+9 Dex-4}
  2067 | D        | Noticed a tengu warrior
  2067 | D        | Noticed a centaur warrior
  2067 | D        | Noticed a centaur warrior
  2067 | D        | Noticed a catoblepas
  2069 | D        | Noticed an ogre mage
  2072 | D        | Killed a tengu warrior
  2077 | D        | Killed a centaur warrior
  2078 | D        | Noticed a deep troll earth mage
  2156 | D        | Killed a centaur warrior
  2162 | D        | Killed a catoblepas
  2164 | D        | Killed an ogre mage
  2168 | D        | Killed a deep troll earth mage
  2194 | D        | Noticed a fire dragon
  2207 | D        | Killed a fire dragon
  2243 | D        | Reached ****** piety under Okawaru
  2251 | D        | Noticed a rakshasa
  2270 | D        | Killed a rakshasa
  2270 | D        | Noticed a fire dragon
  2273 | D        | Noticed a stone giant
  2277 | D        | Killed a fire dragon
  2277 | D        | Received a gift from Okawaru
  2284 | D        | Killed a stone giant
  2462 | D        | Noticed Saint Roka
  2487 | D        | Killed Saint Roka
  2487 | D        | Reached XP level 13. HP: 27/143 MP: 8/16
  2818 | D        | Noticed a nagaraja
  2834 | D        | Killed a nagaraja
  2834 | D        | Received a gift from Okawaru
  2859 | D        | Got a twisted hat {god gift}
  2871 | D        | Identified the -6 hat of the Pleiades {*Corrode Str+6 Int+4
                  | SInv} (Okawaru gifted it to you in the Dungeon)
  2961 | D        | Noticed a merfolk impaler
  2961 | D        | Noticed a merfolk impaler
  2966 | D        | Killed a merfolk impaler
  2982 | D        | Killed a merfolk impaler
  2991 | D        | Reached skill level 15 in Dodging
  2996 | D        | Received a gift from Okawaru
  3015 | D        | Noticed an entropy weaver
  3034 | D        | Received a gift from Okawaru
  3040 | D        | Killed an entropy weaver
  3234 | D        | Noticed Frances
  3241 | D        | Killed Frances
  3280 | D        | Noticed an ettin
  3280 | D        | Noticed a sphinx
  3287 | D        | Killed an ettin
  3287 | D        | Reached XP level 14. HP: 150/151 MP: 17/17
  3287 | D        | Paralysed by a floating eye for 2 turns
  3288 | D        | Noticed a tengu reaver
  3293 | D        | Paralysed by a floating eye for 2 turns
  3297 | D        | Noticed a stone giant
  3301 | D        | Killed a sphinx
  3317 | D        | Killed a tengu reaver
  3325 | D        | Killed a stone giant
  3339 | D        | Received a gift from Okawaru
  3624 | D        | Noticed a vault warden
  3634 | D        | Received a gift from Okawaru
  3643 | D        | Killed a vault warden
  3647 | D        | Noticed an ironheart preserver
  3658 | D        | Noticed a frost giant
  3682 | D        | Killed an ironheart preserver
  3687 | D        | Killed a frost giant
  3813 | D        | Noticed Mennas
  3836 | D        | Killed Mennas
  4112 | D        | Noticed Donald
  4125 | D        | Killed Donald
  4125 | D        | Reached XP level 15. HP: 160/160 MP: 21/23
  4164 | D        | Received a gift from Okawaru
  4215 | D        | Got the +0 hat "Lopp" {rElec rN+ Int+4 SInv}
  4355 | D        | Noticed Louise
  4377 | D        | Killed Louise
  4506 | D        | Reached skill level 15 in Invocations
  4526 | D        | Got a decaying rune of Zot
  4533 | D        | Noticed a nagaraja
  4533 | D        | Noticed a nagaraja
  4535 | D        | Noticed a nagaraja
  4541 | D        | Killed a nagaraja
  4542 | D        | Noticed a nagaraja
  4546 | D        | Killed a nagaraja
  4551 | D        | Noticed a nagaraja
  4555 | D        | Killed a nagaraja
  4557 | D        | Noticed a nagaraja
  4558 | D        | Killed a nagaraja
  4563 | D        | Killed a nagaraja
  4581 | D        | Killed a nagaraja
  4608 | D        | Got a serpentine rune of Zot
  4631 | D        | Noticed a ghost moth
  4652 | D        | Received a gift from Okawaru
  4659 | D        | Killed a ghost moth
  4703 | D        | Got a gossamer rune of Zot
  4821 | D        | Noticed Ilsuiw
  4845 | D        | Killed Ilsuiw
  4866 | D        | Received a gift from Okawaru
  4872 | D        | Reached XP level 16. HP: 168/172 MP: 26/29
  4891 | D        | Got a barnacled rune of Zot
  5058 | D        | Got a jet-encrusted scale mail {god gift}
  5059 | D        | Identified the +0 scale mail of the Immovable Ships {Str+4
                  | Int+4} (Okawaru gifted it to you in the Dungeon)
  5141 | D        | Noticed Agnes
  5149 | D        | Killed Agnes
  5301 | D        | Noticed a tengu reaver
  5311 | D        | Received a gift from Okawaru
  5321 | D        | Killed a tengu reaver
  5327 | D        | Noticed a shadow dragon
  5344 | D        | Noticed a shadow dragon
  5355 | D        | Killed a shadow dragon
  5371 | D        | Killed a shadow dragon
  5386 | D        | Received a gift from Okawaru
  5388 | D        | Reached skill level 27 in Staves
  5415 | D        | Got a slimy lajatang {god gift}
  5416 | D        | Identified the +2 lajatang "Gosy" {drain, Str+4} (Okawaru
                  | gifted it to you in the Dungeon)
  5435 | D        | Noticed a shadow dragon
  5435 | D        | Noticed a titan
  5435 | D        | Noticed a shadow dragon
  5439 | D        | Noticed a lich
  5443 | D        | Noticed a golden dragon
  5449 | D        | Killed a shadow dragon
  5449 | D        | Reached skill level 27 in Fighting
  5450 | D        | Noticed a shadow dragon
  5473 | D        | Killed a titan
  5480 | D        | Killed a shadow dragon
  5483 | D        | Killed a lich
  5483 | D        | Reached skill level 27 in Armour
  5487 | D        | Killed a golden dragon
  5487 | D        | Reached XP level 17. HP: 187/191 MP: 30/30
  6301 | D        | Found Operu's Distillery.
  6303 | D        | Found Soraitz's Food Emporium.
  6305 | D        | Found Ulef's Distillery.
  6307 | D        | Found Paoxod's Antique Weapon Emporium.
  6581 | D        | Found a glowing golden altar of the Shining One.
  6582 | D        | Found a glowing silver altar of Zin.
  6583 | D        | Found a basalt altar of Yredelemnul.
  6584 | D        | Found a shimmering altar of Xom.
  6585 | D        | Found an ornate altar of the Wu Jian Council.
  6586 | D        | Found a radiant altar of Vehumet.
  6587 | D        | Found a hide-covered altar of Uskayaw.
  6588 | D        | Found a bloodstained altar of Trog.
  6589 | D        | Found a deep blue altar of Sif Muna.
  6590 | D        | Found a sacrificial altar of Ru.
  6591 | D        | Found a stormy altar of Qazlal.
  6592 | D        | Found an iron altar of Okawaru.
  6593 | D        | Found a sparkling altar of Nemelex Xobeh.
  6594 | D        | Found a burning altar of Makhleb.
  6595 | D        | Found a corrupted altar of Lugonu.
  6596 | D        | Found an ancient bone altar of Kikubaaqudgha.
  6597 | D        | Found a viscous altar of Jiyva.
  6598 | D        | Found a hazy altar of Hepliaklqana.
  6599 | D        | Found an opulent altar of Gozag.
  6600 | D        | Found a blossoming altar of Fedhas.
  6601 | D        | Found a white marble altar of Elyvilon.
  6602 | D        | Fell from the grace of Okawaru
  6602 | D        | Became a worshipper of Makhleb the Destroyer
  6603 | D        | Found a shadowy altar of Dithmenos.
  6604 | D        | Found a snail-covered altar of Cheibriados.
  6605 | D        | Found a roughly hewn altar of Beogh.
  7751 | D        | Got a silver rune of Zot
  7807 | D        | Noticed Xtahua
  7815 | D        | Killed Xtahua
  7888 | D        | Got the ring of Sefunk {-Tele rC+ Str-2 Dex+3}
  7890 | D        | Got the ring "Vomuqat" {rF+ Dex+2 SInv}
  7892 | D        | Got the amulet of Acegha {Regen+ Slay+3}
  7894 | D        | Got the ring of Gozag's Reproof {+Blink rC+ Int+3 SInv}
  7896 | D        | Got the amulet of Miybbar {Faith rF+ MR+}
  7913 | D        | Found the +9 sword of Zonguldrok {reap}
  7938 | D        | Got the +0 hat of Hedging {rC+ Int+6 Dex+4}
  8026 | D        | Noticed Mara
  8030 | D        | Noticed gruber's illusion
  8041 | D        | Killed Mara
  8041 | D        | Reached skill level 27 in Dodging
  8121 | D        | Noticed Sojobo
  8123 | D        | Noticed Frederick
  8125 | D        | Noticed Boris
  8136 | D        | Reached * piety under Makhleb
  8147 | D        | Killed Sojobo
  8159 | D        | Killed Frederick
  8159 | D        | Reached ** piety under Makhleb
  8173 | D        | Killed Boris
  8209 | D        | Noticed a caustic shrike
  8214 | D        | Noticed a juggernaut
  8219 | D        | Reached *** piety under Makhleb
  8228 | D        | Killed a caustic shrike
  8234 | D        | Killed a juggernaut
  8234 | D        | Reached **** piety under Makhleb
  8234 | D        | Reached skill level 27 in Invocations
  8237 | D        | Reached skill level 5 in Stealth
  8258 | D        | Noticed a bone dragon
  8269 | D        | Killed a bone dragon
  8277 | D        | Reached ***** piety under Makhleb
  8277 | D        | Reached skill level 10 in Stealth
  8329 | D        | Reached XP level 18. HP: 200/200 MP: 34/34
  8334 | D        | Reached ****** piety under Makhleb
  8355 | D        | Noticed a tentacled monstrosity
  8358 | D        | Killed a tentacled monstrosity
  8358 | D        | Reached skill level 15 in Stealth
  8387 | D        | Noticed a tentacled monstrosity
  8411 | D        | Killed a tentacled monstrosity
  8527 | D        | Noticed a golden dragon
  8530 | D        | Noticed a tentacled monstrosity
  8557 | D        | Killed a golden dragon
  8562 | D        | Killed a tentacled monstrosity
  8726 | D        | Noticed an Orb Guardian
  8726 | D        | Noticed an Orb Guardian
  8726 | D        | Noticed an Orb Guardian
  8726 | D        | Noticed an Orb Guardian
  8726 | D        | Noticed an Orb Guardian
  8726 | D        | Noticed an Orb Guardian
  8727 | D        | Noticed an Orb Guardian
  8728 | D        | Killed an Orb Guardian
  8729 | D        | Noticed an Orb Guardian
  8730 | D        | Killed an Orb Guardian
  8731 | D        | Noticed an Orb Guardian
  8735 | D        | Killed an Orb Guardian
  8737 | D        | Killed an Orb Guardian
  8738 | D        | Noticed an Orb Guardian
  8740 | D        | Killed an Orb Guardian
  8743 | D        | Killed an Orb Guardian
  8747 | D        | Killed an Orb Guardian
  8752 | D        | Killed an Orb Guardian
  8753 | D        | Killed an Orb Guardian
  8759 | D        | Killed an Orb Guardian
  8768 | D        | Noticed an Orb Guardian
  8768 | D        | Noticed an Orb Guardian
  8768 | D        | Noticed an orb of fire
  8769 | D        | Noticed an Orb Guardian
  8773 | D        | Reached skill level 27 in Stealth
  8777 | D        | Noticed an Orb Guardian
  8786 | D        | Killed an orb of fire
  8786 | D        | Reached XP level 19. HP: 187/207 MP: 35/35
  8792 | D        | Reached skill level 15 in Maces & Flails
  8812 | D        | Noticed an ancient lich
  8815 | D        | Killed an ancient lich
  8817 | D        | Noticed an orb of fire
  8821 | D        | Killed an orb of fire
  8823 | D        | Noticed an electric golem
  8828 | D        | Killed an electric golem
  8830 | D        | Noticed a Killer Klown
  8830 | D        | Noticed an electric golem
  8830 | D        | Noticed an orb of fire
  8831 | D        | Noticed an orb of fire
  8842 | D        | Noticed an orb of fire
  8851 | D        | Noticed an electric golem
  8855 | D        | Killed from afar by an orb of fire

Vault maps used:
D:        linesprint

Skill      XL: |  1  2  3  4  5  6  7  8  9 10 11 12 13 14 15 16 17 18 19 |
---------------+----------------------------------------------------------+-----
Staves         | 8 9 11 13 16 17 18 19 22 23 27 | 27.0
Armour         | 3 4 6 7 8 9 10 12 14 22 24 27 | 27.0
Fighting       | 3 4 5 6 9 10 12 16 20 21 22 23 27 | 27.0
Dodging        | 5 7 8 9 10 11 18 22 25 27 | 27.0
Invocations    | 1 2 5 12 21 27 | 27.0
Stealth        | 14 27 | 27.0
Maces & Flails | 13 23 | 23.4
Throwing       | |  2.0

Action                   |  1- 3 |  4- 6 |  7- 9 | 10-12 | 13-15 | 16-18 | 19-21 || total
-------------------------+-------+-------+-------+-------+-------+-------+-------++-------
Melee: Quarterstaff      |    13 |    24 |    43 |   255 |       |       |       ||   335
       Headbutt          |     2 |     5 |    10 |   122 |   138 |   195 |    10 ||   482
       Lajatang          |       |       |       |    80 |   491 |   613 |    28 ||  1212
       Unarmed           |       |       |       |       |       |       |    20 ||    20
Invok: Heroism           |       |       |     2 |     8 |    12 |     2 |       ||    24
       Finesse           |       |       |       |     6 |     7 |     2 |       ||    15
Evoke: Wand              |       |       |       |     4 |       |       |       ||     4
  Use: Potion            |     1 |       |       |     3 |       |       |     2 ||     6
       Scroll            |       |       |       |     6 |     2 |     4 |       ||    12
 Stab: Sleeping          |       |       |       |       |       |     5 |     4 ||     9
  Eat: Chunk             |       |       |       |     2 |     6 |     3 |       ||    11
       Ration            |       |       |       |     4 |       |     4 |       ||     8
Armor: Leather armour    |     1 |       |       |       |       |       |       ||     1
       Chain mail        |       |     2 |    14 |    58 |   227 |   141 |     6 ||   448
       Crystal plate arm |       |       |       |     2 |       |       |       ||     2
Dodge: Dodged            |     5 |     4 |    17 |    99 |   395 |   413 |    33 ||   966

Table legend:
 A = Non-vault XP
 B = Vault XP
 C = Vault XP percentage of total XP
 D = Non-vault monster count
 E = Vault monster count
 F = Vault count percentage of total count
                 A         B        C        D         E       F
            +---------+---------+-------+---------+---------+-------
      Total |       0 |  416875 | 100.0 |       0 |     373 | 100.0
            +---------+---------+-------+---------+---------+-------
          D |       0 |  416875 | 100.0 |       0 |     373 | 100.0
            +---------+---------+-------+---------+---------+-------
